Capitals vs Kings
(R1)
Created - December 5, 2020 at 00:20
Goals
|
| Capitals |
0 |
1 |
3 |
0 |
2 |
5 |
| Kings |
0 |
2 |
2 |
0 |
0 |
4 |
|
Shots
|
| Capitals |
3 |
8 |
11 |
4 |
2 |
26 |
| Kings |
16 |
7 |
12 |
1 |
2 |
36 |
|
1st period
No Goal
Penalties :
Eric Gelinas (LAK) for Tripping (Minor) at 3:40, Derek Roy (Was) for Hooking (Minor) at 13:17
2nd period
1. Kings , Teuvo Teravainen 8 (Reilly Smith 4, Gilbert Brule 11) at 0:55
2. Kings , Mike Comrie 3 (Cal Clutterbuck 3) at 15:12 (SH)
3. Capitals , Joe Pavelski 9 (Brent Burns 10, Mike Green 5) at 15:29 (PP)
Penalties :
Tom Wilson (LAK) for Hooking (Minor) at 3:20, Brent Burns (Was) for Tripping (Minor) at 5:35, Anze Kopitar (LAK) for Hooking (Minor) at 15:00, Mike Green (Was) for Goalie Interference (Minor) at 16:16
3rd period
4. Capitals , Joe Pavelski 10 (Mike Green 6, Jeff Skinner 3) at 7:10
5. Capitals , Ryan Getzlaf 7 (Mike Green 7) at 9:20 (PP)
6. Kings , Anze Kopitar 8 (Matt Martin 4, Vitaly Vishnevsky 6) at 11:59
7. Capitals , Alexander Steen 7 (Ryan Suter 3) at 16:36 (SH)
8. Kings , Anze Kopitar 9 (Gabriel Landeskog 15) at 19:11
Penalties :
Victor Hedman (LAK) for Tripping (Minor) at 8:43, Marc-Édouard Vlasic (Was) for Holding Stick (Minor) at 15:05
Overtime #1
No Goal
Penalties :
No Penalty
Shootout
Capitals, Joe Pavelski - Goal!
Kings, Anze Kopitar - Stopped by Keith Kinkaid
Capitals, Derek Roy - Goal!
Kings, Gilbert Brule - Stopped by Keith Kinkaid
Penalties :
No Penalty
Goalie Stats
Keith Kinkaid (Was), 32 saves from 36 shots - (0.889), W, 3-0-0, 65:00 minutes
Robin Lehner (LAK), 22 saves from 26 shots - (0.846), OTL, 6-7-5, 64:50 minutes
Players Stats for Capitals
Player Name G A P +/- PIM S H SB GA TA FO MP PP MP PK MP
------------------------------------------------------------------------------------
Alexander Steen 1 0 1 1 0 2 0 0 0 0 0/0 15:14 0:00 1:34
Blake Wheeler 0 0 0 -2 0 1 1 0 0 0 0/0 11:38 0:00 0:00
Brent Burns 0 1 1 -3 2 1 3 0 0 1 0/0 30:53 3:28 3:44
Derek Roy 0 0 0 -1 2 4 1 1 0 0 12/28 24:16 3:09 3:21
Jason Pominville 0 0 0 0 0 1 1 0 0 0 0/1 18:11 1:55 2:01
Jeff Skinner 0 1 1 1 0 1 2 2 1 0 1/1 17:02 1:55 0:00
Joe Pavelski 2 0 2 -1 0 3 0 3 0 1 8/11 25:04 3:09 4:17
Josh Manson 0 0 0 0 0 0 2 0 0 1 0/0 18:05 0:00 3:47
Marc-Édouard Vlasic 0 0 0 -1 2 4 2 2 1 0 0/0 27:00 1:13 1:18
Mike Green 0 3 3 0 2 1 3 1 1 0 0/0 28:30 3:16 3:11
Mikko Koivu 0 0 0 0 0 0 4 0 0 0 0/0 9:45 0:00 1:33
Ondrej Palat 0 0 0 0 0 1 0 0 0 0 0/1 8:38 0:00 0:26
Patrick Sharp 0 0 0 -4 0 1 0 0 1 0 1/1 17:53 3:09 2:01
Ryan Getzlaf 1 0 1 -2 0 2 2 0 0 0 3/10 12:50 1:55 0:00
Ryan Nugent-Hopkins 0 0 0 1 0 1 2 1 0 0 3/5 13:00 0:00 0:39
Ryan Suter 0 1 1 0 0 1 0 2 0 0 0/0 22:46 1:48 3:52
Trevor Daley 0 0 0 0 0 0 0 1 0 0 0/0 1:43 0:23 0:00
William Karlsson 0 0 0 0 0 2 1 0 0 0 1/2 9:32 0:00 0:00
Players Stats for Kings
Player Name G A P +/- PIM S H SB GA TA FO MP PP MP PK MP
------------------------------------------------------------------------------------
Anze Kopitar 2 0 2 2 2 6 1 1 1 0 7/17 20:40 3:44 0:00
Brandon Yip 0 0 0 1 0 4 0 0 0 0 1/1 14:18 0:05 0:00
Cal Clutterbuck 0 1 1 0 0 1 2 0 0 0 0/0 11:14 0:00 3:32
Eric Gelinas 0 0 0 0 2 1 3 2 0 0 0/0 26:46 4:54 0:41
Eric Nystrom 0 0 0 -1 0 2 1 0 0 0 0/0 9:37 0:00 1:29
Gabriel Landeskog 0 1 1 0 0 3 1 1 0 0 1/4 19:49 4:12 0:30
Gilbert Brule 0 1 1 1 0 1 2 1 0 0 1/5 17:35 3:02 0:00
Jake McCabe 0 0 0 0 0 1 2 1 0 2 0/0 23:57 3:02 1:29
Jeff Schultz 0 0 0 2 0 0 1 1 0 1 0/0 22:34 0:00 3:35
Matt Greene 0 0 0 1 0 0 0 2 0 0 0/0 15:32 0:00 3:35
Matt Martin 0 1 1 1 0 3 3 0 0 0 1/1 20:23 3:44 1:15
Mike Comrie 1 0 1 0 0 2 0 1 0 0 7/11 11:11 0:05 3:22
Nathan MacKinnon 0 0 0 -1 0 4 1 0 0 0 9/16 18:02 4:07 0:00
Reilly Smith 0 1 1 1 0 3 0 0 0 0 1/2 12:27 0:00 0:00
Teuvo Teravainen 1 0 1 1 0 4 1 0 0 0 1/1 16:05 3:44 0:00
Tom Wilson 0 0 0 0 2 1 2 0 1 1 2/2 16:47 4:07 0:00
Victor Hedman 0 0 0 1 2 0 4 3 1 0 0/0 25:10 4:54 0:48
Vitaly Vishnevsky 0 1 1 0 0 0 1 1 0 0 0/0 12:45 0:00 0:00
3 Stars
1 - Anze Kopitar (LAK)
2 - Joe Pavelski (Was)
3 - Mike Green (Was)
Power Play
Capitals - 2 on 4 Attempt(s) - 50.00%
Kings - 0 on 4 Attempt(s) - 0.00%
Penalty Kill
Capitals - 4 on 4 Attempt(s) - 100.00%
- Score 1 goal in Penalty Kill
Kings - 2 on 4 Attempt(s) - 50.00%
- Score 1 goal in Penalty Kill
Team Stat
Capitals - Hits : 24 - Faceoff Wins : 29 - Blocked Shots : 13 - Penalty Minutes : 8
Kings - Hits : 25 - Faceoff Wins : 31 - Blocked Shots : 14 - Penalty Minutes : 8
Official
Referees : Unknown
Linesman : Unknown
Game Notes
Trevor Daley is injured at 4:47 of 1st period (Left Knee)
10:46 of 1st period - Kings goal is going for a video replay. After video review, No Goal. The attacking player has interfered with a goalkeeper in his goal crease.
Finance
Level 1 -- Attendance: 6000 (100.00%) -- Ticket Income $600,000
Level 2 -- Attendance: 4982 (99.64%) -- Ticket Income $298,920
Level 3 -- Attendance: 2000 (100.00%) -- Ticket Income $60,000
Level 4 -- Attendance: 4000 (100.00%) -- Ticket Income $80,000
Luxury Box -- Attendance: 1000 (100.00%) -- Ticket Income $175,000
Game was played at the Staples Center.
Total Attendance: 17982 (99.90%)
Total Ticket Income: $1,213,920
Other Income: $182,088
Total Income: $1,396,008
Capitals
5 vs 5 Forward
Center Left Wing Right Wing Time % Phy DF OF
1 Derek Roy Jeff Skinner Joe Pavelski 40 1 2 2
2 Ryan Nugent-Hopkins Alexander Steen Jason Pominville 30 1 2 2
3 Ryan Getzlaf Patrick Sharp Blake Wheeler 20 1 2 2
4 William Karlsson Ondrej Palat Mikko Koivu 10 1 2 2
5 vs 5 Defense
Defense Defense Time % Phy DF OF
1 Mike Green Marc-Édouard Vlasic 40 1 2 2
2 Brent Burns Ryan Suter 35 1 2 2
3 Trevor Daley Josh Manson 25 1 2 2
4 Mike Green Brent Burns 0 1 2 2
PowerPlay Forward
Center Left Wing Right Wing Time % Phy DF OF
1 Derek Roy Patrick Sharp Joe Pavelski 60 1 2 2
2 Ryan Getzlaf Jeff Skinner Jason Pominville 40 1 2 2
PowerPlay Defense
Defense Defense Time % Phy DF OF
1 Mike Green Brent Burns 60 1 2 2
2 Trevor Daley Ryan Suter 40 1 2 2
Penalty Kill 4 Players Forward
Center Wing Time % Phy DF OF
1 Joe Pavelski Derek Roy 60 1 2 2
2 Jason Pominville Patrick Sharp 40 1 2 2
Penalty Kill 4 Players Defense
Defense Defense Time % Phy DF OF
1 Mike Green Brent Burns 60 1 2 2
2 Trevor Daley Ryan Suter 40 1 2 2
Penalty Kill - 3 Players Forward
Forward Time % Phy DF OF
1 Joe Pavelski 60 1 2 2
2 Derek Roy 40 1 2 2
Penalty Kill - 3 Players Defense
Defense Defense Time % Phy DF OF
1 Mike Green Brent Burns 60 1 2 2
2 Trevor Daley Ryan Suter 40 1 2 2
4 vs 4 Forward
Center Wing Time % Phy DF OF
1 Joe Pavelski Derek Roy 60 1 2 2
2 Jason Pominville Patrick Sharp 40 1 2 2
4 vs 4 Defense
Defense Defense Time % Phy DF OF
1 Mike Green Brent Burns 60 1 2 2
2 Trevor Daley Ryan Suter 40 1 2 2
Last Minutes Offensive
Center Left Wing Right Wing Defense Defense
Derek Roy Patrick Sharp Joe Pavelski Mike Green Brent Burns
Last Minutes Defensive
Center Left Wing Right Wing Defense Defense
Derek Roy Patrick Sharp Joe Pavelski Mike Green Brent Burns
Goaltenders
Starting : Keith Kinkaid
Backup : Tuukka Rask
Extra Forwards
Normal : William Karlsson, Blake Wheeler, Mikko Koivu - PP : William Karlsson, Blake Wheeler - PK : Mikko Koivu
Extra Defensemen
Normal : Marc-Édouard Vlasic, Josh Manson, Trevor Daley - PP : Marc-Édouard Vlasic - PK : Josh Manson, Trevor Daley
Penalty Shots
Joe Pavelski, Derek Roy, Jason Pominville, Patrick Sharp, Ryan Getzlaf
Scratches
Torey Krug (Healthy), T.J. Oshie (Healthy)
Kings
5 vs 5 Forward
Center Left Wing Right Wing Time % Phy DF OF
1 Anze Kopitar Matt Martin Brandon Yip 35 1 2 2
2 Gilbert Brule Teuvo Teravainen Reilly Smith 30 1 2 2
3 Nathan MacKinnon Gabriel Landeskog Tom Wilson 30 1 2 2
4 Mike Comrie Eric Nystrom Cal Clutterbuck 5 1 2 2
5 vs 5 Defense
Defense Defense Time % Phy DF OF
1 Jeff Schultz Victor Hedman 40 0 3 2
2 Jake McCabe Eric Gelinas 40 0 3 2
3 Vitaly Vishnevsky Matt Greene 20 0 3 2
4 Vitaly Vishnevsky Jake McCabe 0 0 4 1
PowerPlay Forward
Center Left Wing Right Wing Time % Phy DF OF
1 Nathan MacKinnon Gabriel Landeskog Tom Wilson 60 1 2 2
2 Anze Kopitar Teuvo Teravainen Matt Martin 40 1 2 2
PowerPlay Defense
Defense Defense Time % Phy DF OF
1 Victor Hedman Eric Gelinas 60 1 2 2
2 Jake McCabe Gilbert Brule 40 1 2 2
Penalty Kill 4 Players Forward
Center Wing Time % Phy DF OF
1 Mike Comrie Cal Clutterbuck 60 1 2 2
2 Eric Nystrom Matt Martin 40 1 2 2
Penalty Kill 4 Players Defense
Defense Defense Time % Phy DF OF
1 Matt Greene Jeff Schultz 60 1 2 2
2 Eric Gelinas Jake McCabe 40 1 2 2
Penalty Kill - 3 Players Forward
Forward Time % Phy DF OF
1 Anze Kopitar 60 1 2 2
2 Gabriel Landeskog 40 1 2 2
Penalty Kill - 3 Players Defense
Defense Defense Time % Phy DF OF
1 Jeff Schultz Matt Greene 60 1 2 2
2 Eric Gelinas Jake McCabe 40 1 2 2
4 vs 4 Forward
Center Wing Time % Phy DF OF
1 Anze Kopitar Gabriel Landeskog 60 1 2 2
2 Nathan MacKinnon Matt Martin 40 1 2 2
4 vs 4 Defense
Defense Defense Time % Phy DF OF
1 Victor Hedman Eric Gelinas 60 1 2 2
2 Jeff Schultz Jake McCabe 40 1 2 2
Last Minutes Offensive
Center Left Wing Right Wing Defense Defense
Anze Kopitar Gabriel Landeskog Tom Wilson Victor Hedman Eric Gelinas
Last Minutes Defensive
Center Left Wing Right Wing Defense Defense
Anze Kopitar Gabriel Landeskog Cal Clutterbuck Eric Gelinas Jeff Schultz
Goaltenders
Starting : Robin Lehner
Backup : Antti Niemi
Extra Forwards
Normal : Anze Kopitar, Gilbert Brule, Nathan MacKinnon - PP : Matt Martin, Gilbert Brule - PK : Gabriel Landeskog
Extra Defensemen
Normal : Jeff Schultz, Eric Gelinas, Vitaly Vishnevsky - PP : Jake McCabe - PK : Victor Hedman, Vitaly Vishnevsky
Penalty Shots
Anze Kopitar, Gilbert Brule, Teuvo Teravainen, Matt Martin, Brandon Yip
Scratches
Peter Regin (Healthy), Darnell Nurse (Left Hip Injury)
% Time on Ice - Capitals
Lines # - Real PCT - Wanted PCT - Time Play
Normal Forward
1 - 32% - 40% - 15:04
2 - 28% - 30% - 12:52
3 - 23% - 20% - 10:43
4 - 17% - 10% - 8:05
Normal Defense
1 - 38% - 40% - 17:56
2 - 31% - 35% - 14:17
3 - 30% - 25% - 13:56
4 - 1% - 0% - 0:35
PP Forward
1 - 62% - 60% - 3:09
2 - 38% - 40% - 1:55
PP Defense
1 - 64% - 60% - 3:16
2 - 36% - 40% - 1:48
PK Forward
1 - 75% - 60% - 5:55
2 - 25% - 40% - 2:01
PK Defense
1 - 51% - 60% - 4:04
2 - 49% - 40% - 3:52
PK3 Forward
1 - 0% - 60%
2 - 0% - 40%
PK3 Defense
1 - 0% - 60%
2 - 0% - 40%
44 Forward
1 - 72% - 60% - 3:37
2 - 28% - 40% - 1:23
44 Defense
1 - 52% - 60% - 2:37
2 - 48% - 40% - 2:23
Last Minute Offensive - 0:00
Last Minute Defensive - 0:16
Total
Forward - 65:00
Defense - 65:00
|
% Time on Ice - Kings
Lines # - Real PCT - Wanted PCT - Time Play
Normal Forward
1 - 32% - 35% - 15:09
2 - 27% - 30% - 12:27
3 - 26% - 30% - 12:05
4 - 15% - 5% - 7:03
Normal Defense
1 - 38% - 40% - 17:39
2 - 38% - 40% - 17:44
3 - 23% - 20% - 10:54
4 - 1% - 0% - 0:27
PP Forward
1 - 53% - 60% - 4:12
2 - 47% - 40% - 3:44
PP Defense
1 - 62% - 60% - 4:54
2 - 38% - 40% - 3:02
PK Forward
1 - 75% - 60% - 3:49
2 - 25% - 40% - 1:15
PK Defense
1 - 71% - 60% - 3:35
2 - 29% - 40% - 1:29
PK3 Forward
1 - 0% - 60%
2 - 0% - 40%
PK3 Defense
1 - 0% - 60%
2 - 0% - 40%
44 Forward
1 - 76% - 60% - 3:47
2 - 24% - 40% - 1:13
44 Defense
1 - 58% - 60% - 2:53
2 - 42% - 40% - 2:07
Last Minute Offensive - 0:16
Last Minute Defensive - 0:00
Total
Forward - 65:00
Defense - 65:00
|
Play-by-Play
1st period
0:01 of 1st period - Matt Martin wins face-off versus Derek Roy in neutral zone.
0:04 of 1st period - Slapshot by Victor Hedman.
0:04 of 1st period - Shot Misses the Net.
0:06 of 1st period - Wrist shot by Anze Kopitar.
0:06 of 1st period - Shot Misses the Net.
0:08 of 1st period - Slapshot by Matt Martin.
0:08 of 1st period - Stopped by Keith Kinkaid with a rebound.
1:53 of 1st period - Snap shot by Reilly Smith.
1:53 of 1st period - Stopped by Keith Kinkaid without a rebound.
1:54 of 1st period - Ryan Nugent-Hopkins wins face-off versus Gilbert Brule in Capitals zone.
2:07 of 1st period - Jason Pominville is hit by Gilbert Brule and loses puck.
2:47 of 1st period - Slapshot by Vitaly Vishnevsky.
2:47 of 1st period - Shot Misses the Net.
2:59 of 1st period - Wrist shot by Gilbert Brule.
2:59 of 1st period - Stopped by Keith Kinkaid with a rebound.
3:13 of 1st period - Snap shot by Ryan Nugent-Hopkins.
3:13 of 1st period - Stopped by Robin Lehner without a rebound.
3:14 of 1st period - Nathan MacKinnon wins face-off versus Derek Roy in Kings zone.
3:16 of 1st period - Icing by Gabriel Landeskog.
3:17 of 1st period - Nathan MacKinnon wins face-off versus Derek Roy in Kings zone.
3:40 of 1st period - Minor Penalty to Eric Gelinas for Tripping.
3:41 of 1st period - Mike Comrie wins face-off versus Derek Roy in Kings zone.
3:41 of 1st period - Mike Comrie is hit by Brent Burns.
4:45 of 1st period - Wrist shot by Eric Nystrom.
4:45 of 1st period - Shot Misses the Net.
4:47 of 1st period - Slapshot by Victor Hedman.
4:47 of 1st period - Shot Blocked by Trevor Daley.
4:47 of 1st period - Trevor Daley from Capitals is injured at 4:47 of 1st period (Left Knee).
4:48 of 1st period - Derek Roy wins face-off versus Mike Comrie in Capitals zone.
5:26 of 1st period - Slapshot by Mike Green.
5:26 of 1st period - Stopped by Robin Lehner without a rebound.
5:27 of 1st period - Ryan Getzlaf wins face-off versus Mike Comrie in Kings zone.
5:34 of 1st period - Slapshot by Jeff Skinner.
5:34 of 1st period - Stopped by Robin Lehner without a rebound.
5:35 of 1st period - Ryan Getzlaf wins face-off versus Mike Comrie in Kings zone.
5:40 of 1st period - Penalty to Eric Gelinas is over, Eric Gelinas is back on ice.
6:26 of 1st period - Off-side.
6:27 of 1st period - Anze Kopitar wins face-off versus Ryan Getzlaf in neutral zone.
6:38 of 1st period - Snap shot by Matt Martin.
6:38 of 1st period - Stopped by Keith Kinkaid without a rebound.
6:39 of 1st period - Tom Wilson wins face-off versus Derek Roy in Capitals zone.
6:40 of 1st period - Backhand shot by Nathan MacKinnon.
6:40 of 1st period - Deflect By Tom Wilson.
6:40 of 1st period - Deflect By Joe Pavelski.
6:40 of 1st period - Stopped by Keith Kinkaid with a rebound.
9:05 of 1st period - Snap shot by Teuvo Teravainen.
9:05 of 1st period - Stopped by Keith Kinkaid without a rebound.
9:06 of 1st period - Nathan MacKinnon wins face-off versus Derek Roy in Capitals zone.
9:07 of 1st period - Wrist shot by Gabriel Landeskog.
9:07 of 1st period - Stopped by Keith Kinkaid without a rebound.
9:08 of 1st period - Gabriel Landeskog wins face-off versus Derek Roy in Capitals zone.
9:25 of 1st period - Backhand shot by Nathan MacKinnon.
9:25 of 1st period - Stopped by Keith Kinkaid without a rebound.
9:26 of 1st period - Ryan Getzlaf wins face-off versus Anze Kopitar in Capitals zone.
10:17 of 1st period - Brent Burns is hit by Jake McCabe and loses puck.
10:42 of 1st period - Slapshot by Cal Clutterbuck.
10:42 of 1st period - Shot Misses the Net.
10:44 of 1st period - Snap shot by Cal Clutterbuck.
10:44 of 1st period - Shot Misses the Net.
10:46 of 1st period - Wrist shot by Eric Nystrom.
10:46 of 1st period - Kings goal is going for a video replay.
10:46 of 1st period - The goal is refused. The attacking player has interfered with a goalkeeper in his goal crease..
10:47 of 1st period - Derek Roy wins face-off versus Anze Kopitar in Capitals zone.
11:14 of 1st period - Derek Roy is hit by Victor Hedman and loses puck.
11:41 of 1st period - Snap shot by Eric Nystrom.
11:41 of 1st period - Shot Misses the Net.
11:43 of 1st period - Slapshot by Cal Clutterbuck.
11:43 of 1st period - Stopped by Keith Kinkaid without a rebound.
11:44 of 1st period - Mike Comrie wins face-off versus Ryan Getzlaf in Capitals zone.
11:47 of 1st period - Snap shot by Mike Comrie.
11:47 of 1st period - Stopped by Keith Kinkaid with a rebound.
12:15 of 1st period - Wrist shot by Matt Martin.
12:15 of 1st period - Deflect By Anze Kopitar.
12:15 of 1st period - Stopped by Keith Kinkaid with a rebound.
12:36 of 1st period - Wrist shot by Teuvo Teravainen.
12:36 of 1st period - Stopped by Keith Kinkaid with a rebound.
12:38 of 1st period - Slapshot by Jake McCabe.
12:38 of 1st period - Stopped by Keith Kinkaid without a rebound.
12:39 of 1st period - Reilly Smith wins face-off versus Ryan Getzlaf in Capitals zone.
12:40 of 1st period - Snap shot by Teuvo Teravainen.
12:40 of 1st period - Stopped by Keith Kinkaid without a rebound.
12:41 of 1st period - Patrick Sharp wins face-off versus Gilbert Brule in Capitals zone.
13:17 of 1st period - Minor Penalty to Derek Roy for Hooking.
13:18 of 1st period - Nathan MacKinnon wins face-off versus Joe Pavelski in Capitals zone.
14:31 of 1st period - Tom Wilson is hit by Brent Burns and loses puck.
15:10 of 1st period - Eric Gelinas is hit by Mikko Koivu.
15:16 of 1st period - Brent Burns is hit by Jake McCabe and loses puck.
15:17 of 1st period - Penalty to Derek Roy is over, Derek Roy is back on ice.
15:31 of 1st period - Wrist shot by Ryan Getzlaf.
15:31 of 1st period - Shot Misses the Net.
15:33 of 1st period - Slapshot by Brent Burns.
15:33 of 1st period - Shot Misses the Net.
15:47 of 1st period - Snap shot by Derek Roy.
15:47 of 1st period - Deflect By Jeff Skinner.
15:47 of 1st period - Shot Blocked by Anze Kopitar.
15:47 of 1st period - Puck is out of play.
15:48 of 1st period - Anze Kopitar wins face-off versus Derek Roy in Kings zone.
18:12 of 1st period - Snap shot by Nathan MacKinnon.
18:12 of 1st period - Stopped by Keith Kinkaid with a rebound.
18:27 of 1st period - Icing by Matt Greene.
18:28 of 1st period - Derek Roy wins face-off versus Anze Kopitar in Kings zone.
19:23 of 1st period - Slapshot by Alexander Steen.
19:23 of 1st period - Shot Blocked by Jake McCabe.
19:44 of 1st period - Brandon Yip is hit by Derek Roy.
Goals for this period are 0 for Capitals vs 0 for Kings.
Shots for this period are 3 for Capitals vs 16 for Kings.
2nd period
0:01 of 2nd period - Derek Roy wins face-off versus Nathan MacKinnon in neutral zone.
0:05 of 2nd period - Marc-Édouard Vlasic is hit by Jeff Schultz and loses puck.
0:35 of 2nd period - Slapshot by Ryan Suter.
0:35 of 2nd period - Shot Misses the Net.
0:55 of 2nd period - Slapshot by Teuvo Teravainen.
0:55 of 2nd period - Goal by Teuvo Teravainen - Capitals : 0 - Kings : 1.
0:56 of 2nd period - Nathan MacKinnon wins face-off versus Derek Roy in neutral zone.
0:59 of 2nd period - Snap shot by Jake McCabe.
0:59 of 2nd period - Shot Blocked by Jeff Skinner.
1:09 of 2nd period - Snap shot by Derek Roy.
1:09 of 2nd period - Stopped by Robin Lehner with a rebound.
1:11 of 2nd period - Slapshot by Marc-Édouard Vlasic.
1:11 of 2nd period - Shot Blocked by Eric Gelinas.
1:13 of 2nd period - Slapshot by Marc-Édouard Vlasic.
1:13 of 2nd period - Stopped by Robin Lehner with a rebound.
1:29 of 2nd period - Snap shot by Jason Pominville.
1:29 of 2nd period - Shot Misses the Net.
1:31 of 2nd period - Wrist shot by Alexander Steen.
1:31 of 2nd period - Shot Misses the Net.
1:33 of 2nd period - Slapshot by Alexander Steen.
1:33 of 2nd period - Stopped by Robin Lehner without a rebound.
1:34 of 2nd period - Derek Roy wins face-off versus Reilly Smith in Kings zone.
2:56 of 2nd period - Snap shot by Eric Nystrom.
2:56 of 2nd period - Stopped by Keith Kinkaid without a rebound.
2:57 of 2nd period - Derek Roy wins face-off versus Nathan MacKinnon in Capitals zone.
2:57 of 2nd period - Derek Roy is hit by Tom Wilson.
3:20 of 2nd period - Minor Penalty to Tom Wilson for Hooking.
3:21 of 2nd period - Mike Comrie wins face-off versus Derek Roy in Kings zone.
3:38 of 2nd period - Slapshot by Derek Roy.
3:38 of 2nd period - Shot Blocked by Matt Greene.
3:56 of 2nd period - Snap shot by Ryan Getzlaf.
3:56 of 2nd period - Stopped by Robin Lehner with a rebound.
4:50 of 2nd period - Joe Pavelski is hit by Eric Nystrom and loses puck.
5:04 of 2nd period - Icing by Jason Pominville.
5:05 of 2nd period - Jeff Skinner wins face-off versus Gabriel Landeskog in Capitals zone.
5:20 of 2nd period - Penalty to Tom Wilson is over, Tom Wilson is back on ice.
5:35 of 2nd period - Minor Penalty to Brent Burns for Tripping.
5:36 of 2nd period - Joe Pavelski wins face-off versus Nathan MacKinnon in Capitals zone.
7:33 of 2nd period - Snap shot by Gabriel Landeskog.
7:33 of 2nd period - Stopped by Keith Kinkaid with a rebound.
7:35 of 2nd period - Penalty to Brent Burns is over, Brent Burns is back on ice.
7:51 of 2nd period - Slapshot by Marc-Édouard Vlasic.
7:51 of 2nd period - Deflect By William Karlsson.
7:51 of 2nd period - Shot Misses the Net.
7:51 of 2nd period - Puck is out of play.
7:52 of 2nd period - Mike Comrie wins face-off versus Ondrej Palat in Kings zone.
7:52 of 2nd period - Mike Comrie is hit by Mikko Koivu.
8:17 of 2nd period - Vitaly Vishnevsky is hit by Jeff Skinner and loses puck.
9:03 of 2nd period - Jason Pominville is hit by Eric Gelinas and loses puck.
9:58 of 2nd period - Off-side.
9:59 of 2nd period - Teuvo Teravainen wins face-off versus Ryan Getzlaf in neutral zone.
10:44 of 2nd period - Snap shot by Patrick Sharp.
10:44 of 2nd period - Stopped by Robin Lehner without a rebound.
10:45 of 2nd period - Joe Pavelski wins face-off versus Nathan MacKinnon in Kings zone.
10:56 of 2nd period - Snap shot by Derek Roy.
10:56 of 2nd period - Stopped by Robin Lehner with a rebound.
11:16 of 2nd period - Slapshot by Matt Martin.
11:16 of 2nd period - Shot Blocked by Ryan Nugent-Hopkins.
11:24 of 2nd period - Snap shot by Alexander Steen.
11:24 of 2nd period - Shot Misses the Net.
11:34 of 2nd period - Mikko Koivu is hit by Cal Clutterbuck and loses puck.
11:41 of 2nd period - Eric Nystrom is hit by Mikko Koivu and loses puck.
12:13 of 2nd period - Snap shot by Anze Kopitar.
12:13 of 2nd period - Stopped by Keith Kinkaid with a rebound.
12:41 of 2nd period - Marc-Édouard Vlasic is hit by Eric Gelinas and loses puck.
13:25 of 2nd period - Off-side.
13:26 of 2nd period - Derek Roy wins face-off versus Anze Kopitar in neutral zone.
14:19 of 2nd period - Alexander Steen is hit by Vitaly Vishnevsky and loses puck.
14:31 of 2nd period - Josh Manson is hit by Cal Clutterbuck and loses puck.
14:42 of 2nd period - Anze Kopitar is hit by Jeff Skinner and loses puck.
15:00 of 2nd period - Minor Penalty to Anze Kopitar for Hooking.
15:01 of 2nd period - Mike Comrie wins face-off versus Derek Roy in Kings zone.
15:12 of 2nd period - Snap shot by Mike Comrie.
15:12 of 2nd period - Goal by Mike Comrie - Capitals : 0 - Kings : 2.
15:13 of 2nd period - Mike Comrie wins face-off versus Derek Roy in neutral zone.
15:17 of 2nd period - Off-side.
15:18 of 2nd period - Mike Comrie wins face-off versus Joe Pavelski in neutral zone.
15:27 of 2nd period - Slapshot by Brent Burns.
15:27 of 2nd period - Shot Blocked by Jeff Schultz.
15:29 of 2nd period - Snap shot by Joe Pavelski.
15:29 of 2nd period - Goal by Joe Pavelski - Capitals : 1 - Kings : 2.
15:30 of 2nd period - Anze Kopitar wins face-off versus Derek Roy in neutral zone.
15:33 of 2nd period - Snap shot by Brandon Yip.
15:33 of 2nd period - Stopped by Keith Kinkaid with a rebound.
15:59 of 2nd period - Snap shot by Ryan Getzlaf.
15:59 of 2nd period - Deflect By Patrick Sharp.
15:59 of 2nd period - Shot Misses the Net.
15:59 of 2nd period - Puck is out of play.
16:00 of 2nd period - Nathan MacKinnon wins face-off versus Ryan Getzlaf in Kings zone.
16:16 of 2nd period - Minor Penalty to Mike Green for Goalie Interference.
16:17 of 2nd period - Joe Pavelski wins face-off versus Nathan MacKinnon in Capitals zone.
16:43 of 2nd period - Joe Pavelski is hit by Eric Gelinas and loses puck.
17:10 of 2nd period - Brent Burns is hit by Teuvo Teravainen and loses puck.
17:15 of 2nd period - Snap shot by Anze Kopitar.
17:15 of 2nd period - Stopped by Keith Kinkaid without a rebound.
17:16 of 2nd period - Joe Pavelski wins face-off versus Nathan MacKinnon in Capitals zone.
17:16 of 2nd period - Joe Pavelski is hit by Victor Hedman.
18:16 of 2nd period - Penalty to Mike Green is over, Mike Green is back on ice.
18:23 of 2nd period - Slapshot by Marc-Édouard Vlasic.
18:23 of 2nd period - Stopped by Robin Lehner with a rebound.
18:25 of 2nd period - Slapshot by Marc-Édouard Vlasic.
18:25 of 2nd period - Shot Misses the Net.
18:27 of 2nd period - Wrist shot by Patrick Sharp.
18:27 of 2nd period - Shot Misses the Net.
18:29 of 2nd period - Wrist shot by Blake Wheeler.
18:29 of 2nd period - Shot Blocked by Eric Gelinas.
19:00 of 2nd period - Cal Clutterbuck is hit by Josh Manson and loses puck.
19:17 of 2nd period - Derek Roy is hit by Gabriel Landeskog and loses puck.
19:45 of 2nd period - Teuvo Teravainen is hit by Mike Green.
19:57 of 2nd period - Gabriel Landeskog is hit by Marc-Édouard Vlasic and loses puck.
Goals for this period are 1 for Capitals vs 2 for Kings.
Shots for this period are 8 for Capitals vs 7 for Kings.
3rd period
0:01 of 3rd period - Derek Roy wins face-off versus Anze Kopitar in neutral zone.
0:10 of 3rd period - Snap shot by Anze Kopitar.
0:10 of 3rd period - Shot Misses the Net.
0:12 of 3rd period - Wrist shot by Brandon Yip.
0:12 of 3rd period - Shot Blocked by Ryan Suter.
0:14 of 3rd period - Snap shot by Matt Martin.
0:14 of 3rd period - Shot Blocked by Jeff Skinner.
0:16 of 3rd period - Snap shot by Brandon Yip.
0:16 of 3rd period - Stopped by Keith Kinkaid with a rebound.
0:47 of 3rd period - Nathan MacKinnon is hit by Ryan Getzlaf and loses puck.
1:10 of 3rd period - Wrist shot by Matt Martin.
1:10 of 3rd period - Stopped by Keith Kinkaid with a rebound.
1:34 of 3rd period - Backhand shot by Ryan Suter.
1:34 of 3rd period - Stopped by Robin Lehner with a rebound.
1:50 of 3rd period - Wrist shot by Reilly Smith.
1:50 of 3rd period - Stopped by Keith Kinkaid without a rebound.
1:51 of 3rd period - Gilbert Brule wins face-off versus Ryan Nugent-Hopkins in Capitals zone.
1:58 of 3rd period - Snap shot by Reilly Smith.
1:58 of 3rd period - Stopped by Keith Kinkaid with a rebound.
2:02 of 3rd period - Snap shot by Gilbert Brule.
2:02 of 3rd period - Shot Blocked by Marc-Édouard Vlasic.
2:41 of 3rd period - Mike Green is hit by Victor Hedman and loses puck.
3:04 of 3rd period - Snap shot by Ondrej Palat.
3:04 of 3rd period - Stopped by Robin Lehner without a rebound.
3:05 of 3rd period - William Karlsson wins face-off versus Gilbert Brule in Kings zone.
3:06 of 3rd period - Snap shot by Ondrej Palat.
3:06 of 3rd period - Shot Blocked by Gilbert Brule.
3:11 of 3rd period - Vitaly Vishnevsky is hit by Josh Manson and loses puck.
4:02 of 3rd period - Vitaly Vishnevsky is hit by Ryan Getzlaf and loses puck.
4:55 of 3rd period - Blake Wheeler is hit by Anze Kopitar and loses puck.
5:53 of 3rd period - Nathan MacKinnon is hit by Mikko Koivu and loses puck.
5:58 of 3rd period - Wrist shot by Ondrej Palat.
5:58 of 3rd period - Shot Blocked by Victor Hedman.
6:00 of 3rd period - Slapshot by Marc-Édouard Vlasic.
6:00 of 3rd period - Shot Misses the Net.
6:04 of 3rd period - Snap shot by Mikko Koivu.
6:04 of 3rd period - Shot Blocked by Victor Hedman.
6:06 of 3rd period - Slapshot by Marc-Édouard Vlasic.
6:06 of 3rd period - Shot Blocked by Gabriel Landeskog.
6:08 of 3rd period - Backhand shot by William Karlsson.
6:08 of 3rd period - Stopped by Robin Lehner with a rebound.
6:10 of 3rd period - Slapshot by Marc-Édouard Vlasic.
6:10 of 3rd period - Shot Misses the Net.
6:12 of 3rd period - Slapshot by Marc-Édouard Vlasic.
6:12 of 3rd period - Stopped by Robin Lehner without a rebound.
6:13 of 3rd period - Derek Roy wins face-off versus Anze Kopitar in Kings zone.
6:14 of 3rd period - Wrist shot by Joe Pavelski.
6:14 of 3rd period - Shot Misses the Net.
6:47 of 3rd period - Matt Greene is hit by Brent Burns and loses puck.
7:08 of 3rd period - Wrist shot by Jeff Skinner.
7:08 of 3rd period - Shot Blocked by Vitaly Vishnevsky.
7:10 of 3rd period - Slapshot by Mike Green.
7:10 of 3rd period - Deflect By Joe Pavelski.
7:10 of 3rd period - Goal by Joe Pavelski - Capitals : 2 - Kings : 2.
7:11 of 3rd period - Brandon Yip wins face-off versus Ryan Nugent-Hopkins in neutral zone.
7:26 of 3rd period - Wrist shot by Brandon Yip.
7:26 of 3rd period - Stopped by Keith Kinkaid without a rebound.
7:27 of 3rd period - Nathan MacKinnon wins face-off versus Ryan Getzlaf in Capitals zone.
7:59 of 3rd period - Slapshot by Jake McCabe.
7:59 of 3rd period - Shot Blocked by Joe Pavelski.
8:14 of 3rd period - Off-side.
8:15 of 3rd period - Ryan Nugent-Hopkins wins face-off versus Gilbert Brule in neutral zone.
8:43 of 3rd period - Minor Penalty to Victor Hedman for Tripping.
8:44 of 3rd period - Derek Roy wins face-off versus Mike Comrie in Kings zone.
8:46 of 3rd period - Snap shot by Joe Pavelski.
8:46 of 3rd period - Shot Blocked by Matt Greene.
9:18 of 3rd period - Wrist shot by Mike Green.
9:18 of 3rd period - Shot Misses the Net.
9:20 of 3rd period - Wrist shot by Ryan Getzlaf.
9:20 of 3rd period - Goal by Ryan Getzlaf - Capitals : 3 - Kings : 2.
9:21 of 3rd period - Derek Roy wins face-off versus Anze Kopitar in neutral zone.
9:38 of 3rd period - Brandon Yip is hit by Marc-Édouard Vlasic and loses puck.
9:57 of 3rd period - Eric Gelinas is hit by Ryan Nugent-Hopkins.
10:33 of 3rd period - Brent Burns is hit by Victor Hedman and loses puck.
10:58 of 3rd period - Wrist shot by Derek Roy.
10:58 of 3rd period - Stopped by Robin Lehner without a rebound.
10:59 of 3rd period - Nathan MacKinnon wins face-off versus Derek Roy in Kings zone.
11:06 of 3rd period - Wrist shot by Derek Roy.
11:06 of 3rd period - Shot Misses the Net.
11:26 of 3rd period - Jason Pominville is hit by Gilbert Brule and loses puck.
11:39 of 3rd period - Teuvo Teravainen is hit by Ryan Nugent-Hopkins.
11:57 of 3rd period - Snap shot by Matt Martin.
11:57 of 3rd period - Shot Blocked by Marc-Édouard Vlasic.
11:59 of 3rd period - Wrist shot by Anze Kopitar.
11:59 of 3rd period - Goal by Anze Kopitar - Capitals : 3 - Kings : 3.
12:00 of 3rd period - Derek Roy wins face-off versus Anze Kopitar in neutral zone.
13:21 of 3rd period - Derek Roy is hit by Matt Martin and loses puck.
13:26 of 3rd period - Backhand shot by Anze Kopitar.
13:26 of 3rd period - Stopped by Keith Kinkaid without a rebound.
13:27 of 3rd period - Ryan Nugent-Hopkins wins face-off versus Nathan MacKinnon in Capitals zone.
13:27 of 3rd period - Brent Burns is hit by Tom Wilson and loses puck.
13:36 of 3rd period - Slapshot by Nathan MacKinnon.
13:36 of 3rd period - Stopped by Keith Kinkaid with a rebound.
13:38 of 3rd period - Snap shot by Nathan MacKinnon.
13:38 of 3rd period - Deflect By Gabriel Landeskog.
13:38 of 3rd period - Stopped by Keith Kinkaid with a rebound.
14:32 of 3rd period - Wrist shot by Ryan Nugent-Hopkins.
14:32 of 3rd period - Shot Blocked by Mike Comrie.
14:34 of 3rd period - Slapshot by Brent Burns.
14:34 of 3rd period - Shot Misses the Net.
14:38 of 3rd period - Wrist shot by Alexander Steen.
14:38 of 3rd period - Shot Misses the Net.
14:40 of 3rd period - Backhand shot by Jason Pominville.
14:40 of 3rd period - Shot Misses the Net.
14:42 of 3rd period - Snap shot by Jason Pominville.
14:42 of 3rd period - Stopped by Robin Lehner without a rebound.
14:43 of 3rd period - Anze Kopitar wins face-off versus Derek Roy in Kings zone.
14:43 of 3rd period - Anze Kopitar is hit by Mike Green.
15:05 of 3rd period - Minor Penalty to Marc-Édouard Vlasic for Holding Stick.
15:06 of 3rd period - Tom Wilson wins face-off versus Joe Pavelski in Capitals zone.
15:16 of 3rd period - Wrist shot by Nathan MacKinnon.
15:16 of 3rd period - Shot Blocked by Ryan Suter.
15:18 of 3rd period - Slapshot by Tom Wilson.
15:18 of 3rd period - Deflect By Nathan MacKinnon.
15:18 of 3rd period - Stopped by Keith Kinkaid with a rebound.
15:20 of 3rd period - Snap shot by Tom Wilson.
15:20 of 3rd period - Shot Blocked by Derek Roy.
15:22 of 3rd period - Snap shot by Gabriel Landeskog.
15:22 of 3rd period - Shot Blocked by Joe Pavelski.
16:36 of 3rd period - Wrist shot by Alexander Steen.
16:36 of 3rd period - Goal by Alexander Steen - Capitals : 4 - Kings : 3.
16:37 of 3rd period - Joe Pavelski wins face-off versus Anze Kopitar in neutral zone.
17:05 of 3rd period - Penalty to Marc-Édouard Vlasic is over, Marc-Édouard Vlasic is back on ice.
18:02 of 3rd period - Wrist shot by Anze Kopitar.
18:02 of 3rd period - Shot Misses the Net.
18:04 of 3rd period - Slapshot by Vitaly Vishnevsky.
18:04 of 3rd period - Shot Misses the Net.
18:06 of 3rd period - Wrist shot by Brandon Yip.
18:06 of 3rd period - Stopped by Keith Kinkaid with a rebound.
18:28 of 3rd period - Slapshot by Marc-Édouard Vlasic.
18:28 of 3rd period - Stopped by Robin Lehner with a rebound.
18:34 of 3rd period - Josh Manson is hit by Nathan MacKinnon and loses puck.
18:55 of 3rd period - Snap shot by Patrick Sharp.
18:55 of 3rd period - Deflect By Blake Wheeler.
18:55 of 3rd period - Stopped by Robin Lehner without a rebound.
18:56 of 3rd period - Ken Hitchcock call a timeout for Kings.
18:56 of 3rd period - Anze Kopitar wins face-off versus Derek Roy in Kings zone.
19:01 of 3rd period - Kings, Robin Lehner is pulled from the net.
19:07 of 3rd period - Wrist shot by Anze Kopitar.
19:07 of 3rd period - Shot Misses the Net.
19:09 of 3rd period - Snap shot by Anze Kopitar.
19:09 of 3rd period - Shot Blocked by Mike Green.
19:11 of 3rd period - Wrist shot by Anze Kopitar.
19:11 of 3rd period - Goal by Anze Kopitar - Capitals : 4 - Kings : 4.
19:11 of 3rd period - Robin Lehner from Kings was sent back in the game.
19:12 of 3rd period - Nathan MacKinnon wins face-off versus Ryan Getzlaf in neutral zone.
19:39 of 3rd period - Jake McCabe is hit by Jason Pominville and loses puck.
Goals for this period are 3 for Capitals vs 2 for Kings.
Shots for this period are 11 for Capitals vs 12 for Kings.
Overtime #1
0:01 of 1st overtime period - Joe Pavelski wins face-off versus Gabriel Landeskog in neutral zone.
0:03 of 1st overtime period - Off-side.
0:04 of 1st overtime period - Joe Pavelski wins face-off versus Gabriel Landeskog in neutral zone.
0:11 of 1st overtime period - Slapshot by Brent Burns.
0:11 of 1st overtime period - Stopped by Robin Lehner with a rebound.
0:20 of 1st overtime period - Wrist shot by Joe Pavelski.
0:20 of 1st overtime period - Stopped by Robin Lehner without a rebound.
0:21 of 1st overtime period - Joe Pavelski wins face-off versus Anze Kopitar in Kings zone.
0:22 of 1st overtime period - Snap shot by Derek Roy.
0:22 of 1st overtime period - Shot Misses the Net.
0:24 of 1st overtime period - Snap shot by Derek Roy.
0:24 of 1st overtime period - Shot Blocked by Victor Hedman.
0:32 of 1st overtime period - Wrist shot by Joe Pavelski.
0:32 of 1st overtime period - Shot Misses the Net.
0:34 of 1st overtime period - Snap shot by Derek Roy.
0:34 of 1st overtime period - Stopped by Robin Lehner with a rebound.
1:08 of 1st overtime period - William Karlsson is hit by Matt Martin and loses puck.
1:13 of 1st overtime period - Wrist shot by Nathan MacKinnon.
1:13 of 1st overtime period - Shot Blocked by Joe Pavelski.
1:15 of 1st overtime period - Snap shot by Nathan MacKinnon.
1:15 of 1st overtime period - Shot Misses the Net.
1:17 of 1st overtime period - Slapshot by Eric Gelinas.
1:17 of 1st overtime period - Stopped by Keith Kinkaid without a rebound.
1:18 of 1st overtime period - Anze Kopitar wins face-off versus William Karlsson in Capitals zone.
1:46 of 1st overtime period - Patrick Sharp is hit by Matt Martin and loses puck.
2:32 of 1st overtime period - Victor Hedman is hit by William Karlsson and loses puck.
3:35 of 1st overtime period - Icing by Patrick Sharp.
3:36 of 1st overtime period - Anze Kopitar wins face-off versus Jason Pominville in Capitals zone.
4:12 of 1st overtime period - Vitaly Vishnevsky is hit by Blake Wheeler and loses puck.
4:21 of 1st overtime period - Wrist shot by William Karlsson.
4:21 of 1st overtime period - Stopped by Robin Lehner with a rebound.
4:43 of 1st overtime period - Victor Hedman is hit by Mike Green and loses puck.
Goals for this period are 0 for Capitals vs 0 for Kings.
Shots for this period are 4 for Capitals vs 1 for Kings.
ShootOut
5:00 of 1st overtime period - Round #1.
5:00 of 1st overtime period - Capitals, Joe Pavelski.
5:00 of 1st overtime period - Wrist shot by Joe Pavelski.
5:00 of 1st overtime period - Goal by Joe Pavelski.
5:00 of 1st overtime period - Kings, Anze Kopitar.
5:00 of 1st overtime period - Deke by Anze Kopitar.
5:00 of 1st overtime period - Stopped by Keith Kinkaid.
5:00 of 1st overtime period - Round #2.
5:00 of 1st overtime period - Capitals, Derek Roy.
5:00 of 1st overtime period - Backhand shot by Derek Roy.
5:00 of 1st overtime period - Goal by Derek Roy.
5:00 of 1st overtime period - Kings, Gilbert Brule.
5:00 of 1st overtime period - Wrist shot by Gilbert Brule.
5:00 of 1st overtime period - Stopped by Keith Kinkaid.
5:00 of 1st overtime period - Round #3.